AoeStats
← LivreChene790

Migration

507538411Analyzed
1v1 RM · 14d ago on Sep 18, 2026· 27m 8s· 2 players
Game mode
Random Map
Map size
132×132
Population
200
Speed
Normal
Resources
Standard
Victory
Conquest
Starting age
Dark Age
Ending age
Imperial Age
RankedLock teamsTeams togetherTeam positionsShared explorationLock speedFull tech treeHidden civsTurbo modeCheats
Victory
Defeat
🇫🇷 Celts · France
942
+16
🇫🇷 Malians · France
939
-16
LivreChene790
12:42 Feudal Age
13:09 Double-Bit Axe
13:58 Horse Collar
21:09 Castle Age
22:50 Wheelbarrow
21:37 Pikeman
21:49 Demolition Ship
26:09 Scale Barding Armor
Pierrocana
8:44 Loom
12:02 Feudal Age
12:31 Double-Bit Axe
12:30 Fishing Lines
16:33 Gold Mining
16:34 Stone Mining
19:06 Castle Age
17:04 Fletching
18:21 Stone Mining
20:26 Bow Saw
21:02 Gold Shaft Mining
20:43 Bodkin Arrow
21:28 Stone Shaft Mining
21:08 Gillnets
22:09 Wheelbarrow
21:19 Town Watch
21:52 Medium Warships
22:19 Forging
23:18 Hand Cart
22:52 Man-at-Arms
24:21 Pikeman
27:28 Padded Archer Armor
Connection lost

Rejoining the realm…

Still unreachable

The connection could not be restored.

Session expired

The server has moved on; the page needs a fresh start.